 Dungeon Crawl Stone Soup version 0.29.1-14-g9c671dbff4 (webtiles) character file.

Game seed: 14067210808305769431

2 H0rd4k the Charlatan (level 1, -1/13 HPs)
             Began as an Octopode Artificer on Feb 14, 2023.
             Slain by a kobold
             ... wielding a +0 dagger
              (2 damage)
             ... on level 1 of the Dungeon.
             The game lasted 00:00:12 (118 turns).

H0rd4k the Charlatan (Octopode Artificer)            Turns: 118, Time: 00:00:12

Health: -1/13      AC:  1    Str: 11    XL:     1   Next: 40%
Magic:  1/1        EV: 13    Int: 13    God:
Gold:   30         SH:  0    Dex: 12    Spells: 0/0 levels left

rFire   . . .      SeeInvis .   (no weapon)
rCold   . . .      Faith    .   (no shield)
rNeg    . . .      Spirit   .   (helmet restricted)
rPois   .          Reflect  .   (no amulet)
rElec   .          Harm     .   (no ring)
rCorr   .          Rampage  .   (no ring)
Will    .....                   (no ring)
Stlth   +++.......              (no ring)
HPRegen 0.04/turn               (no ring)
MPRegen 0.07/turn               (no ring)
                                (no ring)
                                (no ring)

@: no status effects
A: almost no armour, amphibious, 8 rings, camouflage 1, gelatinous body 1,
(nimble swimmer 1), tentacles
a: no special abilities


You were on level 1 of the Dungeon.
You visited 1 branch of the dungeon, and saw 1 of its levels.

You collected 30 gold pieces.

Inventory:

Wands
 b - a wand of flame (15) (quivered)
 c - a wand of charming (15)
 d - a wand of iceblast (5)
Scrolls
 a - a scroll of teleportation {unknown}
 e - 2 scrolls of vulnerability {unknown}
 f - 2 scrolls of identify {unknown}
 h - a scroll of butterflies {unknown}
Potions
 g - a potion of haste {unknown}
 i - a potion of lignification {unknown}


   Skills:
 * Level 1.3 Fighting
 - Level 2.3 Dodging
 - Level 1.3 Stealth
 * Level 0.1 Spellcasting
 - Level 3.2 Evocations


You couldn't memorise any spells.
You didn't know any spells.
Your spell library was empty.

Dungeon Overview and Level Annotations

Branches:
Dungeon (1/15)

Altars:


Innate Abilities, Weirdness & Mutations

You cannot wear most types of armour.
You are amphibious.
You can wear up to eight rings at the same time.
Your skin changes colour to match your surroundings (Stealth+).
Your rubbery body absorbs attacks. (AC +1, EV +1)
((You are camouflaged when in or above water. (Stealth+)))
You have tentacles for arms and can constrict up to eight enemies at once.


Message History

You now have 30 gold pieces (gained 12).
Found a helmet.
No target in view!
h - a scroll labelled XALOEQO BULAES No target in view!
Key pressed, stopping explore.
No target in view!
i - a ruby potion No target in view!
A kobold comes into view. It is wielding a +0 dagger.
An endoplasm comes into view.
The endoplasm quivers.
There are monsters nearby!
The kobold shouts!
There are monsters nearby!
The kobold hits you with a +0 dagger. The endoplasm barely misses you.
There are monsters nearby!
You tentacle-slap the endoplasm. You squeeze the endoplasm.
The endoplasm is heavily wounded.
The kobold misses you. The endoplasm hits you.
There are monsters nearby!
You tentacle-slap the endoplasm but do no damage.
The endoplasm is heavily wounded.
The kobold closely misses you. The endoplasm barely misses you.
You tentacle-slap the endoplasm but do no damage.
The endoplasm is heavily wounded.
The endoplasm freezes you.
You are frozen.
The kobold hits you with a +0 dagger.
* * * LOW HITPOINT WARNING * * *
You are too injured to fight recklessly!
You tentacle-slap the endoplasm.
You squeeze the endoplasm, but do no damage.
The endoplasm is almost dead.
The kobold hits you with a +0 dagger.
* * * LOW HITPOINT WARNING * * *
The endoplasm barely misses you.
You tentacle-slap the endoplasm.
You kill the endoplasm!
The kobold hits you with a +0 dagger.
You die...

###### ####....# #.......#
#.......# #.......# #.....K.#
#....@..# ## #.......# ..
+.......# .# ##
##########.......##.#......
#........#....#####.#.......
####...#....#####.#.......
###+#....#.#.###.†.).........#
...........#.# #.............#
......###.##.# #.............+


You could see a kobold.

Vanquished Creatures
  An endoplasm (D:1)
  A hobgoblin (D:1)
  A kobold (D:1)
3 creatures vanquished.

Notes
Turn   | Place    | Note
-------+----------+-------------------------------------------
     0 | D:1      | H0rd4k the Octopode Artificer began the quest for the Orb.
     0 | D:1      | Reached XP level 1. HP: 13/13 MP: 1/1
   118 | D:1      | Slain by a kobold

Illustrated notes

Levels and vault maps discovered:
D:1:      minmay_arrival_five_plusses, layout_basic,
          shapermc_ecumenical_altar_flowoftime

Action                   || total
-------------------------++-------
Melee: Unarmed           ||    11
       Tentacles         ||     3
       Constrict         ||     1
Dodge: Dodged            ||     8
